 Dungeon Sprint DCSS version 0.19-a0-1714-gcab94ab (webtiles) character file.

1266 Theye the Basher (level 8, 14/64 HPs)
             Began as a Demonspawn Gladiator on Sept 28, 2016.
             Was a High Priest of Qazlal.
             Quit the game in the Dungeon (Sprint V: "Ziggurat Sprint").
             The game lasted 00:02:09 (710 turns).

Theye the Basher (Demonspawn Gladiator)              Turns: 710, Time: 00:02:09

Health: 14/64      AC: 27    Str: 32    XL:     8   Next: 27%
Magic:  4/15       EV:  9    Int:  9    God:    Qazlal [*****.]
Gold:   0          SH:  7    Dex: 17    Spells: 0 memorised, 7 levels left

rFire  + + +     SeeInvis .     K - +7 great mace "Firestarter" {inner flame, rF++}
rCold  + . .     Gourm    .     l - +5 gold dragon armour
rNeg   . . .     Faith    .     (shield currently unavailable)
rPois  +         Spirit   +     c - +0 helmet
rElec  .         Dismiss  .     (no cloak)
rCorr  .         Reflect  .     O - +1 pair of gloves {archery}
MR     .....     Harm     .     (no boots)
Stlth  .......... NoTele   +    (no amulet)
                                E - +6 ring of strength
                                F - +6 ring of strength

@: mighty, protected from physical damage, repel missiles
A: talons 1, magic shield
a: Upheaval, Elemental Force, Disaster Area, Renounce Religion


You were in the Dungeon.
You worshipped Qazlal.
Qazlal was extremely pleased with you.
You were not hungry.

You visited 1 branch

Inventory:

Hand Weapons
 a - a +0 flail
 K - the +7 great mace "Firestarter" (weapon) {inner flame, rF++}
   (You found it in the Dungeon)

   It has been specially enchanted to burn those struck by it, causing extra
   injury to most foes and up to half again as much damage against particularly
   susceptible opponents.
   It greatly protects you from fire.
 L - the +10 dark maul {crush}
   (You found it in the Dungeon)

   It inflicts extra damage upon your enemies.
Missiles
 d - 3 throwing nets (quivered)
Armour
 b - a +0 leather armour
 c - a +0 helmet (worn)
 l - a +5 gold dragon armour (worn)
 M - the +18 shield of the Gong {rElec rN+ MR+ EV-5}
   (You found it in the Dungeon)

   It affects your evasion (-5).
   It insulates you from electricity.
   It protects you from negative energy.
   It affects your resistance to hostile enchantments.
 O - a +1 pair of gloves of archery (worn)
Jewellery
 y - a +6 ring of dexterity
 B - a +6 ring of dexterity
 C - a +6 ring of intelligence
 D - a +6 ring of intelligence
 E - a +6 ring of strength (right hand)
 F - a +6 ring of strength (left hand)
 N - a +2 ring of dexterity
Wands
 G - a wand of disintegration (7/24)
 H - a wand of iceblast (5/15)
 I - a wand of lightning (5/15)
 J - a wand of acid (5/15)
Scrolls
 k - 4 scrolls of blinking
 p - a scroll of brand weapon
 s - 4 scrolls of amnesia
 t - 3 scrolls of recharging
 u - 7 scrolls of fog
 v - 5 scrolls of identify
 w - 5 scrolls of remove curse
 x - 2 scrolls of fear
Potions
 e - 10 potions of curing
 g - 9 potions of heal wounds
 h - 6 potions of haste
 i - 7 potions of magic
 j - 3 potions of berserk rage
 m - 2 potions of brilliance
 n - 2 potions of invisibility
 o - 4 potions of resistance
 q - 4 potions of agility
 r - 4 potions of might
Comestibles
 f - 5 bread rations
 z - 42 fruits
 A - 4 meat rations


   Skills:
 + Level 6.0 Fighting
 * Level 12.4 Maces & Flails
 - Level 1.7 Throwing
 + Level 4.9 Armour
 + Level 6.2 Dodging
 * Level 10.1 Invocations


You had 7 spell levels left.
You didn't know any spells.

Dungeon Overview and Level Annotations

Branches:
Dungeon (1/1)

Altars:
Ashenzari
Cheibriados
Dithmenos
Elyvilon
Fedhas
Gozag
Hepliaklqana
Kikubaaqudgha
Makhleb
Nemelex Xobeh
Okawaru
Qazlal
Ru
Sif Muna
Trog
Uskayaw
Vehumet
Xom
Yredelemnul
Zin
The Shining One
Beogh
Jiyva
Lugonu


Innate Abilities, Weirdness & Mutations

You have sharp toenails.
When hurt, damage is shared between your health and your magic reserves.


Message History

You feel protected from physical attacks.
Unknown command.
You bludgeon Kubesif!! You burn Kubesif! You claw Kubesif.
Kubesif is heavily wounded.
Kenaun hits you!!
* * * LOW HITPOINT WARNING * * *
Kubesif gestures.
A dragon appears.
Unknown command.
You are too injured to fight recklessly!
Unknown command.
You are too injured to fight recklessly!
Okay, then.
You don't have enough magic at the moment.
Unknown command.
Unknown command.
Unknown command.
Unknown command.
You don't have enough magic at the moment.
Are you sure you want to abandon this character and quit the game? (Confirm with "yes".)

▓.......▓
▓▓▓▓▓▓▓▓▓
▓..8©8..▓
▓..|))..▓
▓..||=..▓
▓...5...▓
▓...§§..▓
▓..§&&§.▓
▓.5§@§..▓
▓.§..D..▓
▓.§.....▓
▓▓▓▓▓▓▓▓▓


You could see Kenaun, Kubesif (inner flame), a quicksilver dragon and 2 ufetubi.

Vanquished Creatures
  A yaktaur (D)
  A neqoxec (D)
  3 hell hounds (D)
  A phantom (D)
  A necrophage (D)
  3 centaurs (D)
  A quasit (D)
  An iron imp (D)
  4 mummies (D)
  2 shadow imps (D)
  An adder skeleton (D)
  An adder zombie (D)
  2 bat skeletons (D)
  A bat zombie (D)
  A giant cockroach zombie (D)
  2 leopard gecko zombies (D)
26 creatures vanquished.

Notes
Turn   | Place    | Note
-------+----------+-------------------------------------------
     0 | D        | Theye the Demonspawn Gladiator began the quest for the Orb.
     0 | D        | Reached XP level 1. HP: 16/16 MP: 1/1
    15 | D        | Found a deep blue altar of Sif Muna.
    15 | D        | Found a bloodstained altar of Trog.
    15 | D        | Found a sacrificial altar of Ru.
    15 | D        | Found a stormy altar of Qazlal.
    15 | D        | Found an iron altar of Okawaru.
    16 | D        | Found a sparkling altar of Nemelex Xobeh.
    16 | D        | Found a blossoming altar of Fedhas.
    18 | D        | Found an ancient bone altar of Kikubaaqudgha.
    18 | D        | Found a viscous altar of Jiyva.
    18 | D        | Found a corrupted altar of Lugonu.
    18 | D        | Found a hazy altar of Hepliaklqana.
    18 | D        | Found a burning altar of Makhleb.
    18 | D        | Found an opulent altar of Gozag.
    48 | D        | Became a worshipper of Qazlal Stormbringer
    58 | D        | Reached skill level 4 in Maces & Flails
    58 | D        | Reached skill level 5 in Invocations
    58 | D        | Gained mutation: You have sharp toenails. [demonic ancestry]
    58 | D        | Reached XP level 2. HP: 24/24 MP: 1/5
    64 | D        | Entered arena 1.
    72 | D        | HP: 1/24 [iron imp (6)]
    76 | D        | Reached skill level 5 in Maces & Flails
    76 | D        | Reached XP level 3. HP: 16/29 MP: 2/7
    77 | D        | Reached * piety under Qazlal
   214 | D        | Entered arena 2.
   214 | D        | Noticed a hell hound
   219 | D        | Killed a hell hound
   219 | D        | Reached skill level 7 in Maces & Flails
   219 | D        | Gained mutation: When hurt, damage is shared between your health and your magic reserves. [demonic ancestry]
   219 | D        | Reached XP level 4. HP: 22/37 MP: 9/9
   219 | D        | Reached XP level 5. HP: 25/42 MP: 10/10
   335 | D        | Entered arena 3.
   335 | D        | Noticed a yaktaur
   335 | D        | Noticed a centaur
   335 | D        | Noticed a centaur
   335 | D        | Noticed a centaur
   336 | D        | Identified the +3 hand axe of Heimat {chop, rPois Str+4}
   339 | D        | Killed a centaur
   339 | D        | Reached ** piety under Qazlal
   339 | D        | Reached skill level 8 in Maces & Flails
   339 | D        | Reached skill level 5 in Dodging
   340 | D        | Killed a centaur
   340 | D        | Reached skill level 9 in Maces & Flails
   340 | D        | Reached XP level 6. HP: 11/49 MP: 2/11
   345 | D        | Killed a yaktaur
   345 | D        | Reached *** piety under Qazlal
   345 | D        | Reached skill level 5 in Fighting
   345 | D        | Reached skill level 10 in Maces & Flails
   345 | D        | Reached XP level 7. HP: 4/56 MP: 1/13
   631 | D        | Entered arena 4.
   634 | D        | Reached skill level 11 in Maces & Flails
   636 | D        | Reached **** piety under Qazlal
   656 | D        | Entered arena 5.
   662 | D        | Reached ***** piety under Qazlal
   670 | D        | Entered arena 6.
   680 | D        | Reached XP level 8. HP: 49/64 MP: 11/15
   682 | D        | Reached skill level 12 in Maces & Flails
   703 | D        | Entered arena 7.
   703 | D        | Noticed Kenaun the pandemonium lord
   703 | D        | Noticed Kubesif the pandemonium lord
   707 | D        | Reached skill level 10 in Invocations
   710 | D        | Noticed a quicksilver dragon
   710 | D        | Quit the game

Vault maps used:
D:        sprint_v

Skill      XL: |  1  2  3  4  5  6  7  8 |
---------------+-------------------------+-----
Fighting       | 3 4 5 6 |  6.0
Maces & Flails | 4 5 7 9 10 11 12 | 12.4
Armour         | 2 3 4 |  4.9
Dodging        | 3 4 5 6 |  6.2
Invocations    | 5 6 7 9 10 | 10.1
Throwing       | |  1.7

Action                   |  1- 3 |  4- 6 |  7- 9 || total
-------------------------+-------+-------+-------++-------
Melee: Great mace        |    14 |    11 |    23 ||    48
       Kick              |     5 |     4 |     8 ||    17
  Use: Potion            |     3 |       |     1 ||     4
Armor: Gold dragon armou |    17 |    20 |    33 ||    70
Dodge: Dodged            |     7 |    10 |    24 ||    41
Block: Other             |       |     2 |    10 ||    12
